 Dungeon Crawl Stone Soup version 0.30-a0-715-gdb4ae3ece1 (webtiles) character file.

Game seed: 5407264380999570857

2846 Newt the Fighter (level 9, 0/74 HPs)
             Began as a Demonspawn Gladiator on Jan 23, 2023.
             Was a Priest of Okawaru.
             Slain by a gnoll sergeant
             ... wielding a +0 spear
              (12 damage)
             ... on level 8 of the Dungeon.
             The game lasted 00:06:13 (6414 turns).

Newt the Fighter (Demonspawn Gladiator)             Turns: 6414, Time: 00:06:14

Health: 0/74       AC:  7    Str: 28    XL:     9   Next: 46%
Magic:  9/9        EV:  8    Int:  7    God:    Okawaru [***...]
Gold:   431        SH: 14    Dex: 15    Spells: 8/8 levels left

rFire   . . .      SeeInvis .    w - +5 spear (venom)
rCold   . . .      Faith    .    n - +1 tower shield
rNeg    . . .      Spirit   .    i - +0 ring mail of Instinct {Rampage rPois Str+4 Int-3}
rPois   +          Reflect  .    c - +0 helmet
rElec   .          Harm     .    (no cloak)
rCorr   .          Rampage  +    (no gloves)
Will    .....                    (no boots)
Stlth   +                        v - amulet of the acrobat
HPRegen 0.32/turn                p - +6 ring of strength
MPRegen 0.11/turn                o - ring of wizardry

@: no status effects
A: hooves 2, (demonic guardian 1), spiny 2
a: Renounce Religion, Heroism


You were on level 8 of the Dungeon.
You worshipped Okawaru.
Okawaru was most pleased with you.
You visited 1 branch of the dungeon, and saw 8 of its levels.

You collected 431 gold pieces.

Inventory:

Hand Weapons
 a - a +1 heavy rapier
 w - a +5 spear of venom (weapon)
 A - a +4 spear
Missiles
 d - a throwing net
 j - 5 boomerangs of dispersal (quivered)
 u - 6 curare-tipped darts
Armour
 b - a +0 leather armour
 c - a +0 helmet (worn)
 i - the +0 ring mail of Instinct (worn) {Rampage rPois Str+4 Int-3}
   (You found it on level 4 of the Dungeon)

   Str:       It affects your strength (+4).
   Int:       It affects your intelligence (-3).
   rPois:     It protects you from poison.
   Rampage:   It bestows one free step when moving towards enemies.
 n - a +1 tower shield (worn)
Jewellery
 o - a ring of wizardry (right hand)
 p - a +6 ring of strength (left hand)
 v - an amulet of the acrobat (around neck)
 B - a ring of flight
Wands
 k - a wand of paralysis (8)
 s - a wand of digging (4)
Scrolls
 t - a scroll of teleportation
 y - a scroll of identify
 C - 2 scrolls of fog
Potions
 e - 2 potions of flight
 f - 2 potions of berserk rage
 h - 2 potions of heal wounds
 l - a potion of might {unknown}
 m - 2 potions of degeneration {unknown}
 q - 4 potions of attraction
 r - a potion of lignification {unknown}
 x - a potion of ambrosia {unknown}
 z - 3 potions of mutation {unknown}
 D - a potion of brilliance {unknown}


   Skills:
 - Level 8.0 Fighting
 - Level 2.6 Short Blades
 + Level 3.2 Polearms
 - Level 5.0 Throwing
 - Level 6.0 Armour
 - Level 2.6 Dodging
 - Level 2.0 Stealth
 - Level 4.0 Shields


You had 8 spell levels left.
You didn't know any spells.
Your spell library contained the following spells:

 Spells                   Type           Power      Damage    Failure   Level
 Magic Dart               Conj           0%         1d3       95%         1
 Lesser Beckoning         Tloc           0%         N/A       99%         2
 Gell's Gravitas          Tloc           0%         N/A       100%        3
 Mephitic Cloud           Conj/Pois/Air  0%         N/A       100%        3
 Stone Arrow              Conj/Erth      0%         3d7       100%        3
 Teleport Other           Tloc           0%         N/A       100%        3
 Olgreb's Toxic Radiance  Pois           0%         N/A       100%        4
 Conjure Ball Lightning   Conj/Air       0%         3x3d6     100%        6
 Orb of Destruction       Conj           0%         9d5       100%        7
 Ozocubu's Refrigeration  Ice            0%         4d7       100%        7
 Ignition                 Fire           0%         3d3       100%        8
 Call Imp                 Summ           Unusable   N/A       N/A         2
 Summon Guardian Golem    Hex/Summ       Unusable   N/A       N/A         3
 Spellforged Servitor     Conj/Summ      Unusable   N/A       N/A         7

Dungeon Overview and Level Annotations

Branches:
Dungeon (8/15)             Temple (0/1) D:5
   Lair: D:8-11

Altars:
Gozag
Okawaru

Annotations:
D:8 Maggie


Innate Abilities, Weirdness & Mutations

You have hoof-like feet.
((A weak demonic guardian rushes to your aid.))
You are mostly covered in sharp spines.


Message History

You reach to attack!
You hit Maggie but do no damage.
Maggie looks as sick as possible!
Maggie is moderately wounded.
The water moccasin bites you.
The gnoll sergeant hits you from afar with a +0 spear.
* * * LOW HITPOINT WARNING * * *
You block Maggie's attack. You block the water moccasin's attack.
You puncture the water moccasin!
The water moccasin is poisoned.
You kick the water moccasin, but do no damage.
The water moccasin is moderately wounded.
The water moccasin is struck by your spines.
The water moccasin bites you but does no damage.
The water moccasin is struck by your spines.
The water moccasin bites you.
* * * LOW HITPOINT WARNING * * *
You are poisoned.
The water moccasin poisons you!
You feel sick. The gnoll sergeant barely misses you.
You block the water moccasin's attack.
The water moccasin attacks as you move away!
You block the water moccasin's attack.
You feel sick.
The water moccasin is struck by your spines.
The water moccasin completely misses you.
The water moccasin attacks as you move away!
The water moccasin is struck by your spines.
The water moccasin bites you!
* * * LOW HITPOINT WARNING * * *
You feel sick.
You feel better.
You kill the water moccasin!
Okawaru accepts your kill.
Your Polearms skill increases to level 3!
Reach: w) +5 spear (venom)
Press: ? - help, Dir - move target, f - gnoll sergeant, p - Maggie
Aim: a gnoll sergeant, wielding a +0 spear, wearing a +0 ring mail and wearing a +0 buckler (about 24% to evade your +5 spear of venom)
You reach to attack!
You hit the gnoll sergeant.
The gnoll sergeant is poisoned.
The gnoll sergeant is lightly wounded.
The gnoll sergeant hits you from afar with a +0 spear!
You die...

#......### #.#
........ # ########
###'####......# #
########.....##......#
#
#.....)......##......
# #............# .....
# #............# ... #
#............# #)#
####
#.......##+######@#
#...
#.............@.g.#
#.##
#.......##.########
.... #.......##.# ....
#.########.# ....
#..[>......# ##..
############ #.# ...
#.


You could see Maggie (very poisoned) and a gnoll sergeant (very poisoned).

Vanquished Creatures
  A troll (D:6)
  A wraith (D:7)
  4 water moccasins
  A sky beast (D:6)
  2 ice beasts
  4 black bears
  3 ogres
  A centaur (D:6)
  A phantom (D:6)
  2 bullfrogs
  A gnoll sergeant (D:7)
  3 scorpions (D:5)
  3 hounds
  4 orc priests
  2 jellies
  3 iguanas
  Natasha (twice) (D:2)
  7 gnolls
  8 adders
  A shadow imp (D:6)
  A white imp (D:7)
  3 ufetubi
  A worm (D:2)
  3 dart slugs
  17 orcs
  7 ball pythons
  5 endoplasms
  A giant cockroach (D:1)
  7 goblins
  6 hobgoblins
  3 kobolds
  2 quokkas
  5 bats
  2 frilled lizards
  4 rats
121 creatures vanquished.

Vanquished Creatures (others)
  A gnoll (D:8)
  A plant (D:3)
2 creatures vanquished.

Grand Total: 123 creatures vanquished

Notes
Turn   | Place    | Note
-------+----------+-------------------------------------------
     0 | D:1      | Newt the Demonspawn Gladiator began the quest for the Orb.
     0 | D:1      | Reached XP level 1. HP: 16/16 MP: 1/1
    63 | D:1      | Reached skill level 1 in Stealth
   132 | D:1      | Gained mutation: A weak demonic guardian rushes to your
                  | aid. [demonic ancestry]
   132 | D:1      | Reached XP level 2. HP: 15/22 MP: 2/2
   359 | D:1      | Got the Anthology of the Impact
   704 | D:2      | Gained mutation: You have large cloven feet. [demonic
                  | ancestry]
   704 | D:2      | Reached XP level 3. HP: 5/28 MP: 3/3
   964 | D:2      | Found a faded altar of an unknown god.
   989 | D:2      | Reached skill level 3 in Fighting
  1094 | D:2      | Noticed Natasha
  1405 | D:2      | Gained mutation: You are partially covered in sharp spines.
                  | [demonic ancestry]
  1405 | D:2      | Reached XP level 4. HP: 30/37 MP: 4/4
  1529 | D:2      | Killed Natasha
  1530 | D:2      | Reached skill level 4 in Fighting
  1582 | D:2      | Noticed Natasha
  1593 | D:2      | Killed Natasha
  1875 | D:3      | Reached XP level 5. HP: 42/42 MP: 5/5
  1949 | D:3      | Noticed a black bear
  1959 | D:3      | Killed a black bear
  2677 | D:4      | Identified the +0 ring mail of Instinct {Rampage rPois
                  | Str+4 Int-3}
  2697 | D:4      | Noticed a black bear
  2699 | D:4      | Found an opulent altar of Gozag.
  2699 | D:4      | Found an iron altar of Okawaru.
  2705 | D:4      | Killed a black bear
  2706 | D:4      | Gained mutation: You have hoof-like feet. [demonic
                  | ancestry]
  2706 | D:4      | Reached XP level 6. HP: 42/48 MP: 6/6
  2760 | D:4      | Became a worshipper of Warmaster Okawaru
  3223 | D:5      | Entered Level 5 of the Dungeon
  3223 | D:5      | Noticed a water moccasin
  3224 | D:5      | Killed a water moccasin
  3225 | D:5      | Reached skill level 5 in Throwing
  3225 | D:5      | Reached skill level 1 in Shields
  3313 | D:5      | Found a staircase to the Ecumenical Temple.
  3324 | D:5      | Noticed a water moccasin
  3334 | D:5      | Killed a water moccasin
  3335 | D:5      | Reached XP level 7. HP: 27/54 MP: 7/7
  3904 | D:5      | Reached * piety under Okawaru
  3917 | D:5      | Reached skill level 1 in Armour
  4281 | D:5      | Gained mutation: You are mostly covered in sharp spines.
                  | [demonic ancestry]
  4281 | D:5      | Reached XP level 8. HP: 56/60 MP: 8/8
  4444 | D:6      | Noticed a troll
  4450 | D:6      | Killed a troll
  4450 | D:6      | Reached ** piety under Okawaru
  4451 | D:6      | Reached skill level 5 in Armour
  4779 | D:6      | Reached skill level 5 in Fighting
  4828 | D:6      | Reached skill level 6 in Fighting
  5099 | D:6      | Reached *** piety under Okawaru
  5100 | D:6      | Reached XP level 9. HP: 60/71 MP: 9/9
  5523 | D:7      | Reached skill level 7 in Fighting
  5957 | D:7      | Reached skill level 8 in Fighting
  5957 | D:7      | Reached skill level 1 in Polearms
  6403 | D:8      | Noticed Maggie
  6414 | D:8      | Slain by a gnoll sergeant

Illustrated notes

Levels and vault maps discovered:
D:1:      giann_horns, layout_basic, minmay_misc_feat_nine_boxes
D:2:      layout_loops_ring, basic_ecumenical_altar, uniq_natasha
D:3:      layout_loops_ring, serial_forest, infiniplex_forest_lined_room_2,
          infiniplex_forest_clump_small, infiniplex_forest_clump_medium,
          infiniplex_forest_clump_long, infiniplex_forest_zigzag_1
D:4:      layout_basic, nicolae_overflow_two_pavilions
D:5:      layout_loops_ring, minmay_temple_entry_tees,
          kennysheep_generic_room_14
D:6:      layout_loops_ring
D:7:      layout_rooms
D:8:      layout_basic, uniq_joseph, uniq_maggie, uniq_erica

Skill      XL: |  1  2  3  4  5  6  7  8  9 |
---------------+----------------------------+-----
Stealth        | 1 2 |  2.0
Fighting       | 3 4 6 8 |  8.0
Throwing       | 2 4 5 |  5.0
Shields        | 2 4 |  4.0
Armour         | 3 6 |  6.0
Polearms       | 3 |  3.2
Short Blades   | |  2.6
Dodging        | |  2.6

Action                     |  1- 3 |  4- 6 |  7- 9 || total
---------------------------+-------+-------+-------++-------
  Melee: Rapier            |   111 |    51 |    72 ||   234
         Kick              |    11 |    10 |    42 ||    63
         Spear             |       |       |    93 ||    93
  Throw: Stone             |     6 |       |       ||     6
         Throwing net      |     1 |     1 |     1 ||     3
         Javelin           |     1 |       |       ||     1
         Dart              |       |       |     1 ||     1
    Use: Scroll            |     5 |     4 |     7 ||    16
         Potion            |       |     1 |     3 ||     4
   Stab: Sleeping          |     1 |     3 |     9 ||    13
         Distracted        |       |       |     2 ||     2
 Armour: Leather armour    |    49 |    10 |       ||    59
         Ring mail         |       |     4 |    46 ||    50
  Dodge: Dodged            |    58 |    17 |    41 ||   116
  Block: Tower shield      |    34 |    40 |   152 ||   226

Table legend: (Time is in decaauts)
 A = Elapsed time spent in this place.
 B = Non-inter-level travel time spent in this place.
 C = Inter-level travel time spent in this place.
 D = Time resting spent in this place.
 E = Time spent auto-exploring this place.
 F = Levels seen in this place.
 G = Mean time per level.
                   A        B        C        D        E       F      G
               +--------+--------+--------+--------+--------+-----+--------+
         Total |   6627 |   6382 |    245 |    738 |   4556 |   8 |  828.4 |
       Dungeon |   6627 |   6382 |    245 |    738 |   4556 |   8 |  828.4 |
               +--------+--------+--------+--------+--------+-----+--------+

Top non-repeatable levels by time:
     D:2: 1199 daAuts
     D:5: 1150 daAuts
     D:6: 1018 daAuts
     D:7: 896 daAuts
     D:4: 784 daAuts
     D:3: 697 daAuts
     D:1: 626 daAuts
     D:8: 253 daAuts
